 Dungeon Crawl Stone Soup version 0.30-a0-702-gdf48620a09 (webtiles) character file.

Game seed: 1776994056656801058

99169 arthad the Summoner (level 15, -8/69 HPs)
             Began as a Felid Summoner on Jan 20, 2023.
             Was an Initiate of Gozag.
             Killed from afar by an eleionoma (33 damage)
             ... with a spray of wooden splinters
             ... on level 2 of the Swamp on Jan 21, 2023.
             The game lasted 02:52:02 (37876 turns).

arthad the Summoner (Felid Summoner)               Turns: 37876, Time: 02:52:03

Health: -8/69      AC: -1    Str:  7    XL:     15   Next: 76%
Magic:  16/33      EV: 27    Int: 31    God:    Gozag
Gold:   5929       SH:  5    Dex: 18    Spells: 1/40 levels left
                                        Lives:  0   Deaths: 4

rFire   + . .      SeeInvis +      - Unarmed
rCold   + + .      Faith    .    (shield unavailable)
rNeg    . . .      Spirit   .    (body armour unavailable)
rPois   .          Reflect  +    (helmet unavailable)
rElec   .          Harm     .    (cloak unavailable)
rCorr   .          Rampage  .    (gloves unavailable)
Will    ++...                    (boots unavailable)
Stlth   ++                       S - amulet of reflection
HPRegen 0.31/turn                R - ring of Beqaypn {rF+ rC+ Str+3 Int+2 Slay-5}
MPRegen 0.23/turn                n - +6 ring of intelligence

@: corroded, gold aura, quick
A: very small, claws 1, fangs 3, see invisible, speed 1, shaggy fur 3, stealthy
paws, no weapons or thrown items, no armour, multi-lived
a: Renounce Religion, Potion Petition, Call Merchant, Bribe Branch


You were on level 2 of the Swamp.
You worshipped Gozag.
Gozag was greatly pleased with you.
You visited 5 branches of the dungeon, and saw 24 of its levels.
You also visited: Sewer and Ossuary.

You collected 9941 gold pieces.
You spent 1635 gold pieces at shops.
You paid 2377 gold pieces to Gozag.

Inventory:

Hand Weapons
 L - the +7 whip "Fymus" {pain, rElec MP+9 Str+5 Int-2}
   (You found it on level 13 of the Dungeon)

   Str:       It affects your strength (+5).
   Int:       It affects your intelligence (-2).
   rElec:     It insulates you from electricity.
   MP:        It affects your magic capacity (+9).
 T - the +7 morningstar "Kushrof" {flame, rC- rCorr MP+9 Dex+5}
   (You found it on level 4 of the Lair of Beasts)

   Dex:       It affects your dexterity (+5).
   rC:        It makes you vulnerable to cold.
   MP:        It affects your magic capacity (+9).
   rCorr:     It protects you from acid and corrosion.
Armour
 J - the +0 ring mail of Tartarus {+Inv Str+4 Int+6 Dex-2}
   (You found it on level 5 of the Lair of Beasts)

   Str:       It affects your strength (+4).
   Int:       It affects your intelligence (+6).
   Dex:       It affects your dexterity (-2).
   +Inv:      It lets you turn invisible.
 Y - the +3 pair of seven-league boots {Rampage+∞}
   (You found it on level 1 of the Swamp)

   Rampage+∞: When moving toward enemies, its wearer moves as far as possible.
Jewellery
 c - a ring of protection from cold
 k - a ring of resist corrosion
 m - a ring of protection from fire
 n - a +6 ring of intelligence (right paw)
 y - an amulet of guardian spirit
 C - a ring of ice
 E - a ring of ice
 G - a ring of protection from fire
 R - the ring of Beqaypn (left paw) {rF+ rC+ Str+3 Int+2 Slay-5}
   (You bought it in a shop on level 1 of the Lair of Beasts)

   [ring of protection from cold]

   Str:       It affects your strength (+3).
   Int:       It affects your intelligence (+2).
   Slay:      It affects your accuracy & damage with ranged weapons and melee
   (-5).
   rF:        It protects you from fire.
   rC:        It protects you from cold.
 S - an amulet of reflection (around neck)
 U - a +6 ring of strength
 V - a ring of wizardry
 W - the ring of Jamothyu {rElec rPois rCorr Str+3 Int-4}
   (You found it on level 5 of the Lair of Beasts)

   [ring of poison resistance]

   Str:       It affects your strength (+3).
   Int:       It affects your intelligence (-4).
   rElec:     It insulates you from electricity.
   rPois:     It protects you from poison.
   rCorr:     It protects you from acid and corrosion.
Wands
 D - a wand of iceblast (7)
 H - a wand of mindburst (3)
 P - a wand of flame (11)
 Z - a wand of paralysis (3)
Scrolls
 d - 9 scrolls of identify
 g - 10 scrolls of teleportation
 l - 5 scrolls of fear
 o - 4 scrolls of magic mapping
 r - 6 scrolls of fog
 u - 2 scrolls of brand weapon
 v - 3 scrolls of noise
 w - 5 scrolls of vulnerability
 x - 4 scrolls of blinking
 z - 3 scrolls of immolation
 A - a scroll of silence
 B - 4 scrolls of enchant weapon
 N - a scroll of amnesia
 O - a scroll of poison
 Q - a scroll of summoning
Potions
 a - 2 potions of magic
 b - 8 potions of flight
 e - 6 potions of heal wounds
 f - 13 potions of curing
 h - 7 potions of cancellation
 i - 4 potions of mutation
 j - a potion of berserk rage
 p - 4 potions of lignification
 q - 6 potions of might
 s - 6 potions of attraction
 t - 6 potions of degeneration
 F - 4 potions of resistance
 K - 3 potions of brilliance
Miscellaneous
 I - a tin of tremorstones (2/2)
 M - a tin of tremorstones (2/2)
 X - a condenser vane


   Skills:
 + Level 9.9 Fighting
 + Level 12.9 Dodging
 - Level 2.6 Stealth
 + Level 8.9 Unarmed Combat
 * Level 13.0 Spellcasting
 - Level 5.8 Hexes
 + Level 14.2 Summonings
 + Level 13.1 Translocations
 * Level 5.9 Transmutations
 + Level 9.3 Air Magic
 - Level 7.0 Evocations


You had one spell level left.
You knew the following spells:

 Your Spells              Type           Power      Damage    Failure   Level
a - Summon Lightning Spi  Summ/Air       76%        N/A       1%          4
b - Storm Form            Tmut/Air       30%        N/A       65%         7
c - Call Canine Familiar  Summ           83%        N/A       1%          3
d - Summon Guardian Gole  Hex/Summ       70%        N/A       1%          3
e - Blink                 Tloc           100%       N/A       0%          2
f - Manifold Assault      Tloc           80%        N/A       1%          4
g - Summon Forest         Summ/Tloc      40%        N/A       1%          5
h - Summon Cactus Giant   Summ           41%        N/A       1%          6
i - Summon Mana Viper     Hex/Summ       70%        N/A       1%          5

Your spell library contained the following spells:

 Spells                   Type           Power      Damage    Failure   Level
 Summon Small Mammal      Summ           100%       N/A       0%          1
 Freeze                   Ice            80%        1d9       2%          1
 Magic Dart               Conj           80%        1d7       2%          1
 Sandblast                Erth           40%        2d10      2%          1
 Call Imp                 Summ           83%        N/A       0%          2
 Lesser Beckoning         Tloc           100%       N/A       0%          2
 Momentum Strike          Conj/Tloc      100%       3d10      1%          2
 Passwall                 Tmut/Erth      31%        N/A       1%          2
 Tukima's Dance           Hex            54%        N/A       1%          3
 Passage of Golubria      Tloc           80%        N/A       1%          4
 Dispersal                Tloc           40%        N/A       1%          6
 Dazzling Flash           Conj/Hex       76%        N/A       2%          3
 Cause Fear               Hex            27%        N/A       2%          4
 Searing Ray              Conj           40%        2d5       3%          2
 Silence                  Hex/Air        30%        N/A       3%          5
 Yara's Violent Unravell  Hex/Tmut       27%        3d12      6%          5
 Frozen Ramparts          Ice            40%        1d7       7%          3
 Hailstorm                Conj/Ice       20%        3d6       7%          3
 Stone Arrow              Conj/Erth      40%        3d9       7%          3
 Vampiric Draining        Necr           20%        2d7       7%          3
 Fulminant Prism          Conj/Hex       19%        3d11      8%          4
 Alistair's Intoxication  Tmut/Pois      25%        N/A       21%         5
 Olgreb's Toxic Radiance  Pois           20%        N/A       24%         4
 Agony                    Necr           20%        N/A       54%         5
 Borgnjor's Vile Clutch   Necr/Erth      10%        N/A       54%         5
 Iskenderun's Battlesphe  Conj           20%        2d7       54%         5
 Disjunction              Tloc           40%        N/A       58%         8
 Eringya's Noxious Bog    Tmut/Pois      19%        N/A       73%         6
 Spellforged Servitor     Conj/Summ      29%        N/A       73%         7
 Dragon Form              Tmut           27%        N/A       88%         7
 Enfeeble                 Hex            27%        N/A       88%         7
 Iron Shot                Conj/Erth      10%        9d3       98%         6
 Orb of Destruction       Conj           10%        9d6       100%        7
 Ozocubu's Refrigeration  Ice            10%        4d9       100%        7
 Ignition                 Fire           10%        3d5       100%        8
 Necromutation            Tmut/Necr      19%        N/A       100%        8
 Dragon's Call            Summ           41%        N/A       100%        9
 Animate Dead             Necr           Unusable   N/A       N/A         4

Dungeon Overview and Level Annotations

Branches:
Dungeon (14/15)            Temple (1/1) D:4            Lair (5/5) D:11
  Swamp (2/4) Lair:3       Spider (0/4) Lair:2        Slime (0/5) Lair:4
    Orc (2/2) D:11            Elf (0/3) Orc:2        Vaults (0/5) D:13
  Sewer (visited)         Ossuary (visited)

Altars:
Ashenzari
Cheibriados
Dithmenos
Elyvilon
Fedhas
Gozag
Hepliaklqana
Kikubaaqudgha
Makhleb
Nemelex Xobeh
Okawaru
Qazlal
Ru
Sif Muna
Trog
Uskayaw
Vehumet
Wu Jian
Xom
Yredelemnul
Zin
The Shining One
Jiyva

Shops:
D:9 (   Orc:2 ([[!   Lair:1 *   Lair:5 :*

Annotations:
D:4 2 transporters, Newt's ghost, amateur KoHu


Innate Abilities, Weirdness & Mutations

You have sharp claws.
You have razor-sharp teeth.
You have supernaturally acute eyesight. (SInv)
You cover ground quickly. (Speed+)
Your thick and shaggy fur keeps you warm. (AC +3, rC+)
Your paws help you pounce on unaware monsters.
You are incapable of wielding weapons or throwing items.
You cannot wear armour.
You gain extra lives every three experience levels.


Message History

Okay, then.
Casting: Summon Cactus Giant (dangerous; 1% risk of failure)
Confirm with . or Enter, or press ? or * to list all spells.
An electric hum fills the air.
The goliath frog hits you from afar! The acid corrodes you!
You are splashed with acid!
The eleionoma hurls a spray of splinters at you.
The spray of wooden splinters misses you.
Casting: Summon Lightning Spire (safe; 1% risk of failure)
Confirm with . or Enter, or press ? or * to list all spells.
A mana viper appears with a sibilant hiss.
You block the goliath frog's attack. You block the eleionoma's attack.
The tyrant leech bites your lightning spire.
Your lightning spire shoots out a bolt of lightning at the goliath frog!
The bolt of electricity hits the goliath frog!!
Casting: Summon Mana Viper (dangerous; 1% risk of failure)
Confirm with . or Enter, or press ? or * to list all spells.
The goliath frog barely misses you. The eleionoma hits you!!
* * * LOW HITPOINT WARNING * * *
The goliath frog completely misses you.
Your cactus giant hits the eleionoma with a +0 giant spiked club!
The tyrant leech bites your lightning spire.
Your lightning spire shoots out a bolt of lightning at the goliath frog!
The bolt of electricity hits the goliath frog!!
Found a hand axe.
The goliath frog hits your lightning spire.
Your lightning spire is splashed with acid!
The eleionoma is struck by your cactus giant's spines.
The eleionoma hits your cactus giant!
You feel much better.
Your mana viper splashes around in the water.
Your lightning spire shoots out a bolt of lightning at the goliath frog!
The bolt of electricity hits the goliath frog!
The goliath frog dies!
The tyrant leech bites your lightning spire!
Your mana viper bites the tyrant leech but does no damage.
The eleionoma hurls a spray of splinters at you.
The spray of wooden splinters hits your cactus giant!!!
The spray of wooden splinters hits you!!
You die...
Your body crumbles into a pile of gold.

♣♣♣♣ .~§~~~ ♣.. ♣..♣
~~~~~~~ ..## ♣.~.
~~~~~~~♣♣..#$$$#
♣[.. ~.~§§~~~♣..# )#
♣♣.. ~~~~D§~♣..##'##
♣.. .~~~wS.♣.......
♣♣~ ♣$8......... ♣♣.
♣♣♣♣♣♣hC@....... ♣..
♣♣..~ ♣R.♣.).##'#
♣♣~ ♣♣~.~♣♣♣..♣...#
♣.. ♣♣~♣♣♣§~..♣♣...#
♣♣.
♣♣...♣...§~.♣♣..# ♣♣
♣~.~~...~~~~♣♣... ♣
♣.~~~...~~~§~♣....
♣♣.~~~....~~.~♣♣....
♣♣ ♣♣.~~~.~♣....♣♣♣
♣♣♣♣♣♣.


You could see an eleionoma (ally target), a swamp dragon, a tyrant leech (ally
target), a friendly mana viper (summoned), a friendly cactus giant (summoned), a
friendly warg (summoned) and a friendly lightning spire (summoned).

Vanquished Creatures
  Kirke (Lair:5)
  Nessos (Lair:5)
  A boulder beetle (Lair:4)
  A cyclops (D:13)
  An elephant (Lair:4)
  A cane toad (Lair:5)
  A rime drake (Lair:5)
  A kobold demonologist (D:10)
  A vampire (D:13)
  A yak (Lair:5)
  A vampire mosquito (D:12)
  An orc warrior (Orc:2)
  A wolf (Lair:3)
  A bullfrog (Lair:4)
  3 killer bees (Lair:4)
  A human zombie (Ossuary)
  An orc priest (Orc:2)
  An iguana (Lair:5)
  A gnoll (D:1)
  An adder (D:3)
  A worm (D:3)
  5 orcs
  3 ball pythons
  A giant cockroach (D:1)
  2 hobgoblins
  2 bats
  3 rats
39 creatures vanquished.

Vanquished Creatures (collateral kills)
  Gastronok (Lair:2)
  A thorn hunter (Swamp:1)
  A fenstrider witch (Swamp:2)
  2 orc warlords
  3 eleionomae
  2 bunyips
  Snorg (Lair:5)
  Fannar (Orc:1)
  2 fire dragons (Lair:5)
  A shambling mangrove (Swamp:2)
  A catoblepas (Lair:4)
  11 hydras
  A boulder beetle (Lair:4)
  4 death yaks (Lair:5)
  A two-headed ogre (D:11)
  2 alligators (Swamp:1)
  5 orc high priests
  12 spriggans
  Amaemon (D:8)
  3 goliath frogs
  2 spriggan druids (Swamp:1)
  3 swamp dragons
  3 bog bodies (Swamp:1)
  2 lindwurms (Lair:5)
  3 orc knights
  A deep elf pyromancer (D:12)
  3 cyclopes
  4 orc sorcerers
  2 ugly things
  A will-o-the-wisp (Swamp:2)
  2 black mambas
  12 elephants (Lair:4)
  A gargoyle (D:13)
  6 cane toads
  An unseen horror (D:12)
  4 torpor snails (Lair:5)
  An orange demon (D:8)
  4 kobold demonologists
  7 rime drakes
  12 komodo dragons
  4 tyrant leeches
  5 polar bears
  2 hydra zombies (Swamp:1)
  20 hornets
  4 meliai (Lair:4)
  4 nameless horrors
  6 trolls
  12 dream sheep
  18 blink frogs
  2 shadows
  2 wraiths
  34 yaks
  A slime creature (D:12)
  2 jumping spiders (Lair:2)
  3 hogs (Lair:5)
  A redback (Lair:2)
  5 wyverns
  7 basilisks
  12 vampire mosquitoes
  4 steam dragons
  7 swamp worms
  3 acid dragons
  5 wargs
  19 water moccasins
  3 sky beasts (D:6)
  4 swamp drakes
  An ice beast (D:7)
  46 orc warriors
  A black bear (Lair:3)
  8 ogres
  14 wolves
  7 centaurs
  2 phantoms (D:6)
  13 kobold brigands
  13 bullfrogs
  11 scorpions
  12 wights
  50 killer bees
  A howler monkey (D:10)
  2 centaur zombies (Ossuary)
  3 hounds
  4 human zombies (Ossuary)
  2 jellies (D:4)
  A bullfrog zombie (D:6)
  36 orc priests
  2 scorpion zombies (Ossuary)
  6 iguanas
  2 hell rats (Lair:4)
  39 orc wizards
  A statue (D:6)
  3 mummies (Ossuary)
  A howler monkey zombie (D:6)
  7 gnolls
  9 adders
  2 river rats
  A shadow imp (D:8)
  2 white imps (D:7)
  4 worms
  5 dart slugs
  110 orcs
  8 bats
  9 endoplasms
  3 giant cockroaches
  7 goblins
  6 hobgoblins
  23 kobolds
  5 quokkas
  15 ball pythons
  3 frilled lizards
  2 gnoll zombies (Ossuary)
  A hobgoblin zombie (Ossuary)
  5 kobold zombies (Ossuary)
  An orc zombie (Ossuary)
  8 rats
  5 briar patches (Swamp:1)
  A bush (Lair:2)
  2 butterflies
844 creatures vanquished.

Vanquished Creatures (others)
  3 vault guards (D:13)
  2 centaur warriors (D:13)
  A two-headed ogre (D:10)
  A death yak (Lair:5)
  A boulder beetle (Lair:5)
  2 ugly things (D:13)
  A manticore (Lair:4)
  5 elephants (Lair:4)
  2 slime creatures (D:12)
  A gargoyle (D:11)
  A torpor snail (Lair:5)
  A queen bee (Lair:4)
  A troll (D:10)
  2 bloated husks
  A tyrant leech (Lair:5)
  2 meliai (Lair:4)
  A blink frog (Lair:4)
  A culicivora (Lair:2)
  2 yaks (D:8)
  Duvessa (D:4)
  An ice beast (D:5)
  2 orc warriors
  2 black bears
  A centaur (D:13)
  An ogre (D:3)
  A wight (D:10)
  Dowan (D:4)
  2 killer bees
  An orc priest (D:8)
  A gnoll bouda (D:5)
  An orc (D:6)
  6 foxfires (Swamp:2)
  39 fungi
  69 plants
  6 snaplasher vines
166 creatures vanquished.

Grand Total: 1049 creatures vanquished

Notes
Turn   | Place    | Note
-------+----------+-------------------------------------------
     0 | D:1      | arthad the Felid Summoner began the quest for the Orb.
     0 | D:1      | Reached XP level 1. HP: 7/7 MP: 4/4
   279 | D:1      | Reached XP level 2. HP: 11/11 MP: 4/6
   617 | D:1      | Reached skill level 5 in Summonings
   617 | D:1      | Reached XP level 3. HP: 13/14 MP: 4/7
   620 | D:1      | Learned a level 2 spell: Call Imp
   624 | D:1      | Learned a level 3 spell: Call Canine Familiar
  2387 | D:2      | Reached XP level 4. HP: 18/18 MP: 2/8
  2557 | D:3      | Reached skill level 1 in Hexes
  2590 | D:3      | Found a glowing drain.
  2594 | Sewer    | Entered a sewer
  2617 | Sewer    | Noticed a kobold brigand
  2634 | Sewer    | Killed a kobold brigand
  2635 | Sewer    | Reached skill level 1 in Fighting
  2635 | Sewer    | Reached skill level 1 in Air Magic
  2635 | Sewer    | Reached XP level 5. HP: 22/22 MP: 3/10
  2997 | Sewer    | Gained mutation: You are covered in thick fur. (AC +2)
                  | [Felid growth]
  2997 | Sewer    | Reached XP level 6. HP: 25/25 MP: 1/11
  3461 | Sewer    | Reached skill level 6 in Summonings
  3461 | Sewer    | Reached XP level 7. HP: 5/30 MP: 7/13
  3465 | Sewer    | Learned a level 3 spell: Summon Guardian Golem
  3702 | Sewer    | Identified a scroll of acquirement
  3702 | Sewer    | Acquired 666 gold pieces
  3702 | Sewer    | Succumbed to a kobold brigand's poison
  3703 | Sewer    | Reached XP level 6. HP: 0/26 MP: 10/12
  4169 | D:3      | Reached XP level 7. HP: 30/30 MP: 6/14
  4324 | D:3      | Learned a level 4 spell: Summon Lightning Spire
  5073 | D:4      | Found a staircase to the Ecumenical Temple.
  5081 | D:4      | Noticed Duvessa
  5086 | D:4      | Noticed Dowan
  5101 | D:4      | Killed Dowan
  5101 | D:4      | Killed Duvessa
  5187 | Temple   | Entered the Ecumenical Temple
  5214 | Temple   | Became a worshipper of Gozag Ym Sagoz the Greedy
  5474 | D:4      | Found a transporter.
  5477 | D:4      | Noticed Newt's ghost (amateur KoHu)
  5536 | D:4      | Found a transporter.
  6369 | D:5      | Entered Level 5 of the Dungeon
  6408 | D:5      | Reached skill level 5 in Dodging
  6408 | D:5      | Reached skill level 5 in Spellcasting
  6408 | D:5      | Reached skill level 7 in Summonings
  6408 | D:5      | Reached XP level 8. HP: 32/34 MP: 1/16
  6611 | D:5      | Learned a level 2 spell: Blink
  6810 | D:5      | Reached skill level 1 in Translocations
  6975 | D:5      | Found a shadowy altar of Dithmenos.
  7161 | D:6      | Reached skill level 5 in Hexes
  7332 | D:6      | Found a sand-covered staircase.
  7336 | Ossuary  | Entered an ossuary
  7560 | Ossuary  | Reached XP level 9. HP: 39/39 MP: 14/18
  7909 | Ossuary  | Reached skill level 8 in Summonings
  8550 | D:6      | Found a hide-covered altar of Uskayaw.
  8785 | D:6      | Found a glowing silver altar of Zin.
  8786 | D:6      | Noticed an angel
  8907 | D:6      | Found a shimmering altar of Xom.
  9012 | D:6      | Reached skill level 1 in Unarmed Combat
  9027 | D:6      | Found a basalt altar of Yredelemnul.
  9788 | D:6      | Found a radiant altar of Vehumet.
 10142 | D:7      | Learned a level 4 spell: Manifold Assault
 10430 | D:7      | Reached XP level 10. HP: 25/43 MP: 1/21
 11186 | D:7      | Reached skill level 5 in Translocations
 11434 | D:7      | Found a snail-covered altar of Cheibriados.
 11590 | D:8      | Reached skill level 5 in Fighting
 11590 | D:8      | Reached skill level 9 in Summonings
 12057 | D:8      | Reached skill level 5 in Air Magic
 12227 | D:8      | Noticed Amaemon
 12231 | D:8      | Noticed an orange demon
 12235 | D:8      | Killed Amaemon
 12249 | D:8      | Killed an orange demon
 12437 | D:8      | Reached XP level 11. HP: 48/48 MP: 14/23
 13354 | D:9      | You fall into a shaft and drop 2 floors!
 13500 | D:11     | Found a staircase to the Lair.
 13526 | D:11     | Noticed a two-headed ogre
 13541 | D:11     | Killed a two-headed ogre
 13616 | D:11     | Reached skill level 10 in Summonings
 14437 | D:11     | Found a staircase to the Orcish Mines.
 14686 | D:10     | Entered Level 10 of the Dungeon
 14692 | D:10     | Noticed a two-headed ogre
 14717 | D:10     | Killed a two-headed ogre
 14776 | D:9      | Found Sieczeuz's Antique Weapon Shop.
 14938 | D:9      | Found an ornate altar of the Wu Jian Council.
 15261 | D:9      | Found a shimmering blue altar of Sif Muna.
 15643 | D:10     | Noticed a sixfirhy
 15644 | D:10     | Slain by a sixfirhy
 15645 | D:10     | Reached XP level 10. HP: -2/46 MP: 12/23
 15728 | D:10     | Reached XP level 11. HP: 30/49 MP: 4/24
 15939 | D:10     | Reached skill level 1 in Evocations
 17181 | D:12     | Reached skill level 5 in Unarmed Combat
 17257 | D:12     | Noticed a white ugly thing
 17275 | D:12     | Killed a white ugly thing
 17483 | D:12     | Reached skill level 11 in Summonings
 17583 | D:12     | Noticed a deep elf pyromancer
 17594 | D:12     | Killed a deep elf pyromancer
 18486 | D:13     | Noticed a red ugly thing
 18497 | D:13     | Killed a red ugly thing
 18551 | D:13     | Noticed an eight-headed hydra
 18562 | D:13     | Killed an eight-headed hydra
 18722 | D:13     | Found a gate to the Vaults.
 18722 | D:13     | Noticed a vault guard
 18722 | D:13     | Noticed a vault guard
 18722 | D:13     | Noticed a vault guard
 18722 | D:13     | Noticed a vault guard
 18722 | D:13     | Noticed a brown ugly thing
 18722 | D:13     | Noticed a centaur warrior
 18733 | D:13     | Killed a vault guard
 18750 | D:13     | Killed a centaur warrior
 18750 | D:13     | Killed a brown ugly thing
 18751 | D:13     | Gained mutation: Your thick and shaggy fur keeps you warm.
                  | (AC +3, rC+) [Felid growth]
 18751 | D:13     | Reached XP level 12. HP: 54/54 MP: 5/26
 18771 | D:13     | Killed a vault guard
 18772 | D:13     | Killed a vault guard
 18861 | D:13     | Noticed a centaur warrior
 18864 | D:13     | Shot with an arrow by a centaur warrior
 18865 | D:13     | Reached XP level 11. HP: 0/50 MP: 10/25
 18889 | D:13     | Killed a centaur warrior
 19067 | D:13     | Killed a red ugly thing
 19231 | D:13     | Reached skill level 10 in Spellcasting
 19290 | D:13     | Identified the +7 whip "Fymus" {pain, rElec MP+9 Str+5
                  | Int-2}
 19762 | Lair:1   | Entered Level 1 of the Lair of Beasts
 19778 | Lair:1   | Reached skill level 10 in Dodging
 19976 | Lair:1   | Learned a level 5 spell: Summon Forest
 19983 | Lair:1   | Learned a level 6 spell: Summon Cactus Giant
 20453 | Lair:1   | Bought a glittering pewter ring for 140 gold pieces
 20453 | Lair:1   | Identified the ring of Beqaypn {rF+ rC+ Str+3 Int+2 Slay-5}
                  | (You bought it in a shop on level 1 of the Lair of Beasts)
 20725 | Lair:2   | Noticed an eight-headed hydra
 20732 | Lair:2   | Killed an eight-headed hydra
 20733 | Lair:2   | Reached XP level 12. HP: 54/54 MP: 13/27
 20829 | Lair:2   | Found a hole to the Spider Nest.
 21278 | Lair:2   | Reached skill level 12 in Summonings
 21342 | Lair:2   | Noticed Gastronok
 21361 | Lair:2   | Killed Gastronok
 22395 | Lair:3   | Reached skill level 10 in Translocations
 22530 | Lair:3   | Found a staircase to the Swamp.
 22689 | Lair:3   | Noticed a seven-headed hydra
 22698 | Lair:3   | Killed a seven-headed hydra
 23068 | Lair:4   | Found a viscous altar of Jiyva.
 23076 | Lair:4   | Reached skill level 5 in Evocations
 23115 | Lair:4   | Reached XP level 13. HP: 18/58 MP: 3/28
 23466 | Lair:4   | Found a staircase to the Slime Pits.
 23530 | Lair:4   | Identified the +7 morningstar "Kushrof" {flame, rC- rCorr
                  | MP+9 Dex+5}
 25235 | Lair:4   | Reached skill level 13 in Summonings
 25244 | Lair:4   | Learned a level 5 spell: Summon Mana Viper
 25822 | Lair:5   | Entered Level 5 of the Lair of Beasts
 25961 | Lair:5   | Reached XP level 14. HP: 54/63 MP: 6/30
 26020 | Lair:5   | Noticed Kirke
 26086 | Lair:5   | Noticed a sphinx
 26087 | Lair:5   | Killed Kirke
 26463 | Lair:5   | Noticed Snorg
 26478 | Lair:5   | Killed Snorg
 26769 | Lair:5   | Upgraded the game from 0.30-a0-691-g754fce4c43 to
                  | 0.30-a0-696-g2367cd04db
 27095 | Lair:5   | Identified the +0 ring mail of Tartarus {+Inv Str+4 Int+6
                  | Dex-2}
 27146 | Lair:5   | Identified the ring of Jamothyu {rElec rPois rCorr Str+3
                  | Int-4}
 27794 | Lair:5   | Noticed Nessos
 27816 | Lair:5   | Killed Nessos
 28809 | Lair:5   | Found a runed translucent door.
 29803 | Lair:5   | Bought a scroll of teleportation for 45 gold pieces
 29803 | Lair:5   | Bought a potion of magic for 120 gold pieces
 29806 | Lair:5   | Bought a book of the Dragon for 644 gold pieces
 29806 | Lair:5   | Bought an Inescapable Atlas for 448 gold pieces
 29960 | Orc:1    | Entered Level 1 of the Orcish Mines
 29965 | Orc:1    | Noticed Fannar
 29981 | Orc:1    | Killed Fannar
 30470 | Orc:1    | Noticed an orc warlord
 30493 | Orc:1    | Killed an orc warlord
 30494 | Orc:1    | Reached skill level 1 in Transmutations
 32113 | Orc:2    | Entered Level 2 of the Orcish Mines
 32147 | Orc:2    | Reached XP level 15. HP: 67/67 MP: 14/32
 33044 | Orc:2    | Found a staircase to the Elven Halls.
 33247 | Orc:2    | Found a burning altar of Makhleb.
 33626 | Orc:2    | Found Torijuso's Antique Armour Shop.
 33628 | Orc:2    | Found Vef Pora's Antique Weapon Boutique.
 34016 | Orc:2    | Found Muoha's Armour Shop.
 34444 | Orc:2    | Found Noajuen's Distillery.
 34559 | Orc:2    | Bought a potion of heal wounds for 70 gold pieces
 34559 | Orc:2    | Bought a potion of heal wounds for 70 gold pieces
 34559 | Orc:2    | Bought a potion of brilliance for 56 gold pieces
 34559 | Orc:2    | Bought a potion of curing for 42 gold pieces
 34780 | Swamp:1  | Entered Level 1 of the Swamp
 34780 | Swamp:1  | Noticed a thorn hunter
 34785 | Swamp:1  | Killed a thorn hunter
 34922 | Swamp:1  | Reached skill level 14 in Summonings
 34930 | Swamp:1  | Learned a level 7 spell: Storm Form
 35340 | Swamp:1  | Found the +3 pair of seven-league boots {Rampage+∞}
 36096 | Swamp:1  | Got Ruarphim's Vellum of Reanimation Made Easy
 36368 | Swamp:1  | Killed from afar by a spriggan druid
 36369 | Swamp:1  | Reached XP level 14. HP: -11/64 MP: 19/31
 36392 | Swamp:1  | Reached skill level 5 in Transmutations
 36392 | Swamp:1  | Reached XP level 15. HP: 69/69 MP: 15/32
 36393 | Swamp:1  | Upgraded the game from 0.30-a0-696-g2367cd04db to
                  | 0.30-a0-702-gdf48620a09
 37405 | Swamp:2  | Noticed a fenstrider witch
 37414 | Swamp:2  | Killed a fenstrider witch
 37581 | Swamp:2  | Identified the +1 leather armour of the Shouting Gods
                  | {Rampage Int+3}
 37876 | Swamp:2  | Killed from afar by an eleionoma

Illustrated notes

Levels and vault maps discovered:
D:1:      psy_arrival_conway, layout_basic, minmay_misc_feat_nine_boxes,
          hangedman_decor_riveting
D:2:      minmay_wonky_spiral, layout_loops_cross
D:3:      layout_loops_ring, lightli_sewer_entry_pipes
D:4:      layout_loops_ring, minmay_temple_entry_large_hall, serial_rivers,
          chequers_serial_rivers_small_3, chequers_serial_rivers_micro_a,
          chequers_serial_rivers_marsh, chequers_serial_rivers_small_b,
          gammafunk_ghost_mausoleum, uniq_duvessa
D:5:      layout_cave_pools, kennysheep_little_box, skrybe_limestone_x
D:6:      minmay_chambers_of_sixes, layout_basic,
          grunt_temple_overflow_order_and_chaos_1,
          lemuel_zombie_altar_yredelemnul, vehumet_statue,
          mainiacjoe_overflow_surrounded_room, enter_ossuary_5
D:7:      layout_loops_corners, mainiacjoe_overflow_tiny_flanked, eino_jars
D:8:      layout_basic, special_room [special_room_orc], chequers_jeans,
          uniq_amaemon
D:9:      layout_roguey, mainiacjoe_overflow_boulevard,
          mainiacjoe_overflow_cross_hatched, serial_corexii_hall,
          corexii_hall_statues_deadend, chequers_hall_statues_y, enter_bailey_2,
          serial_shops, nicolae_shop_advertising_works
          [nicolae_subvault_shop_adworks]
D:10:     layout_loops_ring
D:11:     layout_roguey, erik_lair_orcish_takeover, david_orc_4, minivault_16
D:12:     layout_grid_maze
D:13:     layout_long_grid, lightli_vaults_fourway_checkpoint
D:14:     layout_small_grid, chequers_avenue, kennysheep_generic_room_13
Temple:   nicolae_temple_ecumenical_triangle
Lair:1:   layout_cave_shapes, grunt_megastairs_4
Lair:2:   layout_hall_layers, spider_nest_entry_funnel_web, grunt_megastairs_3,
          lemuel_fruit_fields, serial_bayou_shore_b, uniq_gastronok
Lair:3:   layout_concentric_octagons, minmay_swamp_entry_worms, st_stairs_3,
          infiniplex_staircase_pool_2, lemuel_fruit_tree
Lair:4:   regret_index_combs_of_tragedy, layout_long_grid, slime_entry_1,
          lemuel_fruit_fields
Lair:5:   wormcave, layout_cave_pods, guppyfry_lair_end_dragon, uniq_kirke,
          uniq_nessos, uniq_snorg
Swamp:1:  layout_falls_marsh, hangedman_swamp_cone,
          nicolae_swamp_necromancy_gone_wrong
Swamp:2:  layout_basic_swamp, nicolae_swamp_orc_logging_accident, swamp_pool1
Orc:1:    orc_temple, layout_caves, hangedman_feature_mirror, uniq_fannar
Orc:2:    grunt_orc_community_town_hall, layout_caves,
          grunt_orc_community_big_house_1, grunt_orc_community_big_house_1,
          grunt_orc_community_house_3, grunt_orc_community_house_1,
          grunt_orc_community_house_3, grunt_orc_community_house_3,
          grunt_orc_community_house_3, basic_altar

Skill      XL: |  1  2  3  4  5  6  7  8  9 10 11 12 13 14 15 |
---------------+----------------------------------------------+-----
Summonings     | 5 6 7 8 9 11 12 13 14 | 14.2
Hexes          | 1 2 3 4 5 |  5.8
Dodging        | 3 4 5 6 7 10 11 12 | 12.9
Fighting       | 1 2 3 4 5 7 8 9 |  9.9
Air Magic      | 1 2 3 4 6 7 8 9 |  9.3
Spellcasting   | 3 4 5 6 7 10 11 12 13 | 13.0
Translocations | 2 4 6 8 10 11 12 13 | 13.1
Unarmed Combat | 1 3 6 7 8 |  8.9
Evocations     | 4 5 6 7 |  7.0
Transmutations | 5 4 |  5.9
Stealth        | |  2.6

Action                   |  1- 3 |  4- 6 |  7- 9 | 10-12 | 13-15 || total
-------------------------+-------+-------+-------+-------+-------++-------
Melee: Unarmed           |    36 |    28 |    36 |    42 |    76 ||   218
       Bite              |     4 |       |     2 |     3 |    12 ||    21
       Punch             |     1 |     1 |       |     3 |     3 ||     8
 Cast: Summon Small Mamm |    39 |    16 |     2 |       |       ||    57
       Call Canine Famil |    13 |    15 |    38 |    67 |    73 ||   206
       Call Imp          |    11 |    17 |    29 |    35 |    10 ||   102
       Summon Guardian G |       |     5 |    29 |    83 |    47 ||   164
       Summon Lightning  |       |       |    37 |   112 |   138 ||   287
       Blink             |       |       |    12 |    10 |     7 ||    29
       Manifold Assault  |       |       |       |    17 |     8 ||    25
       Summon Cactus Gia |       |       |       |    14 |   105 ||   119
       Summon Forest     |       |       |       |     7 |    34 ||    41
       Summon Mana Viper |       |       |       |       |    77 ||    77
Invok: Potion Petition   |       |       |     1 |       |       ||     1
       Call Merchant     |       |       |       |     1 |     2 ||     3
Evoke: Wand              |       |       |       |     7 |    15 ||    22
  Use: Scroll            |       |     7 |    15 |     7 |     4 ||    33
       Potion            |       |     6 |     4 |     1 |     6 ||    17
 Stab: Distracted        |     1 |       |     1 |       |     4 ||     6
       Sleeping          |       |     1 |       |       |       ||     1
       Paralysed         |       |       |       |       |     2 ||     2
Armor: Skin              |     5 |    15 |     9 |     5 |     8 ||    42
Dodge: Dodged            |    54 |    46 |    95 |   163 |   173 ||   531
Block: Other             |       |       |       |     5 |    38 ||    43
       Reflection        |       |       |       |       |     2 ||     2

Table legend: (Time is in decaauts)
 A = Elapsed time spent in this place.
 B = Non-inter-level travel time spent in this place.
 C = Inter-level travel time spent in this place.
 D = Time resting spent in this place.
 E = Time spent auto-exploring this place.
 F = Levels seen in this place.
 G = Mean time per level.
                   A        B        C        D        E       F      G
               +--------+--------+--------+--------+--------+-----+--------+
         Total |  34928 |  33954 |    974 |   1340 |  26041 |  26 | 1343.4 |
       Dungeon |  15642 |  15088 |    554 |    347 |  11737 |  14 | 1117.3 |
        Temple |     36 |     36 |      0 |      0 |     14 |   1 |   36.0 |
          Lair |   9544 |   9222 |    322 |    523 |   7022 |   5 | 1908.8 |
         Swamp |   2997 |   2954 |     43 |    110 |   2397 |   2 | 1498.5 |
  Orcish Mines |   4369 |   4316 |     53 |    360 |   3237 |   2 | 2184.5 |
         Sewer |   1494 |   1494 |      0 |      0 |   1026 |   1 | 1494.0 |
       Ossuary |    845 |    845 |      0 |      0 |    606 |   1 |  845.0 |
               +--------+--------+--------+--------+--------+-----+--------+

Top non-repeatable levels by time:
  Lair:5: 3402 daAuts
  Lair:4: 2972 daAuts
   Orc:2: 2203 daAuts
   Orc:1: 2166 daAuts
     D:6: 1660 daAuts
 Swamp:1: 1650 daAuts
     D:7: 1504 daAuts
   Sewer: 1494 daAuts
     D:8: 1462 daAuts
    D:12: 1432 daAuts
  Lair:2: 1368 daAuts
 Swamp:2: 1347 daAuts
    D:11: 1340 daAuts
     D:4: 1190 daAuts
    D:13: 1184 daAuts
